Map: Abiogenesis LE

Players

Pharowizard

  • Race: Zerg Zerg
  • League: Platinum
  • Spawn Location: 11:00

Kozzy - Winner!

  • Race: Protoss Protoss
  • League: Gold
  • Spawn Location: 5:00

VOD

Have the link to the VOD?

Description

Time

  • Played on: April 10, 2018, 4:51 a.m.
  • Length: 12:40
Show
View Real Time Build Order
Export as new Build Order

Pharowizard Zerg 

Build Orders: Pool First 

Get SALT Encoding   

  12  0:02  Drone  
  13  0:11  Drone  
  14  0:18  Extractor  
  14  0:19  Drone  
  15  0:35  Spawning Pool  
  14  0:42  Extractor  
  13  0:43  Drone  
  13  0:47  Overlord  
  14  1:15  Hatchery  
  13  1:24  Zergling x6  
  16  1:36  Queen  
  18  1:43  Drone  
  19  1:49  Drone  
  20  2:21  Zergling x4  
  22  2:24  Overlord  
  22  3:11  Zergling x2  
  22  3:12  Zergling x4  
  24  3:13  Queen  
  21  3:38  Drone  
  21  3:39  Drone  
  21  3:41  Zergling x10  
  28  3:55  Spine Crawler  
  28  3:58  Spine Crawler  
  24  4:05  Metabolic Boost  
  24  4:10  Roach Warren  
  19  4:41  Zergling x2  
  19  4:42  Zergling x4  
  22  4:49  Zergling x2  
  22  4:50  Zergling x10  
  22  5:18  Overlord  
  22  5:24  Hatchery  
  21  5:28  Overlord  
  19  5:45  Overlord  
  19  5:47  Lair  
  19  5:56  Roach  
  21  5:57  Roach  
  21  6:00  Roach  
  25  6:07  Roach  
  27  6:27  Drone x3  
  30  6:37  Drone x2  
  32  6:47  Drone  
  32  6:48  Drone  
  34  7:07  Drone x5  
  38  7:16  Drone x3  
  41  7:23  Drone x3  
  44  7:34  Overlord x2  
  44  7:43  Hydralisk Den  
  43  7:50  Drone x2  
  43  7:51  Drone x2  
  47  7:54  Drone  
  47  7:57  Overlord  
  48  8:04  Queen  
  50  8:12  Hydralisk x3  
  56  8:20  Extractor  
  56  8:26  Overlord x2  
  55  8:28  Hydralisk x2  
  59  8:38  Hydralisk x3  
  65  8:54  Hydralisk x4  
  60  9:06  Zergling x4  
  60  9:08  Zergling x8  
  52  9:23  Hydralisk x4  
  60  9:34  Drone x2  
  62  9:59  Spore Crawler  
  61  10:00  Spore Crawler, Drone x4  
  61  10:01  Drone x2  
  61  10:04  Extractor, Drone x2  
  61  10:05  Extractor  
  66  10:18  Pneumatized Carapace  
  66  10:29  Drone x3, Hatchery  
  66  10:30  Drone x3  
  72  10:42  Drone  
  72  10:53  Spore Crawler  
  72  10:54  Spore Crawler  
  72  10:55  Drone x2  
  72  10:56  Drone  
  73  11:04  Infestation Pit  
  72  11:14  Overlord  
  72  11:15  Overlord x2  
  72  11:22  Overseer x2  
  72  11:27  Overlord  
  72  11:28  Overlord  
  72  11:29  Hydralisk x4  
  69  11:41  Hydralisk x4  
  75  11:51  Zergling x2  
  75  11:52  Zergling x4  
  54  12:03  Hydralisk  
  54  12:04  Hydralisk x2  
Show
View Real Time Build Order
Export as new Build Order

Kozzy Protoss - Winner!

Build Orders:  

Get SALT Encoding   

  12  0:01  Probe  
  13  0:13  Probe  
  14  0:23  Pylon  
  14  0:27  Probe  
  15  0:41  Probe  
  16  0:46  Gateway  
  16  0:58  Probe (Chrono Boost), Assimilator  
  16  1:02  Assimilator  
  17  1:08  Probe (Chrono Boost)  
  18  1:22  Gateway  
  18  1:24  Gateway  
  18  1:32  Pylon  
  18  1:36  Zealot (Chrono Boost)  
  20  1:56  Cybernetics Core  
  20  1:58  Zealot  
  22  2:06  Probe (Chrono Boost)  
  23  2:15  Zealot  
  26  2:17  Probe (Chrono Boost)  
  26  2:21  Probe (Chrono Boost)  
  26  2:25  Pylon  
  27  2:37  Shield Battery  
  27  2:45  Stalker  
  29  3:15  Stalker  
  27  3:43  Pylon  
  27  3:47  Stalker (Chrono Boost)  
  29  4:04  Warp Gate  
  29  4:05  Forge  
  29  4:06  Gateway  
  29  4:08  Pylon  
  29  4:13  Probe  
  29  4:14  Stalker (Chrono Boost)  
  30  4:38  Protoss Ground Weapons Level 1 (Chrono Boost)  
  30  4:46  Photon Cannon  
  30  4:52  Shield Battery  
  30  4:56  Pylon, Stalker  
  32  5:06  Stalker  
  34  5:16  Gateway  
  36  5:53  Pylon  
  38  6:00  Twilight Council  
  36  6:09  Pylon  
  34  6:14  Gateway, Zealot  
  34  6:15  Zealot x2  
  40  6:22  Pylon  
  40  6:37  Pylon  
  40  6:40  Charge (Chrono Boost)  
  40  6:55  Robotics Facility  
  40  6:56  Pylon  
  40  7:05  Zealot x2  
  44  7:16  Zealot  
  44  7:21  Stalker  
  48  7:36  Gateway  
  48  7:43  Immortal (Chrono Boost)  
  52  8:16  Nexus  
  52  8:33  Templar Archives  
  28  9:19  Zealot x2  
  28  9:20  Zealot x2  
  36  9:42  High Templar x2  
  36  9:43  High Templar x2  
  44  9:46  Archon  
  44  9:47  Archon  
  44  9:54  Zealot  
  46  10:06  Assimilator  
  46  10:09  Observer  
  46  10:10  Assimilator  
  47  10:16  High Templar x2  
  47  10:19  Probe  
  52  10:23  Archon  
  52  10:30  Zealot x3  
  52  10:31  Probe  
  59  10:38  Photon Cannon  
  59  10:51  High Templar x2  
  59  10:52  Zealot  
  59  10:54  Archon  
  65  11:01  Zealot  
  65  11:02  Zealot  
  69  11:15  Observer  
  69  11:22  Stalker x3  
  58  11:59  Observer  
  49  12:03  Zealot  
  49  12:04  Zealot x4  
Tags
 
Add a new tag
Caveats
  • Supply blocks, unpowered buildings, or Contaminate may cause inaccurate times.
  • Supply counts are checked every 10 seconds.